 Dungeon Crawl Stone Soup version 0.30.1-4-g462c640d31 (webtiles) character file.

Game seed: 1616762393298359039

19 spardeous the Conjurer (level 2, 20/20 HPs)
             Began as a Demigod Conjurer on Aug 14, 2023.
             Got out of the dungeon alive.
             The game lasted 00:00:42 (1037 turns).

spardeous the Conjurer (Demigod Conjurer)           Turns: 1037, Time: 00:00:42

Health: 20/20      AC:  2    Str:  8    XL:     2   Next: 39%
Magic:  7/7        EV: 12    Int: 20    God:
Gold:   48         SH:  0    Dex: 12    Spells: 4/5 levels left

rFire   . . .        (no weapon)
rCold   . . .        (no shield)
rNeg    . . .        a - +0 robe
rPois   .            (no helmet)
rElec   .            (no cloak)
rCorr   .            (no gloves)
SInv    .            (no boots)
Will    .....        (no amulet)
Stlth   ++           (no ring)
HPRegen 0.23/turn    (no ring)
MPRegen 0.10/turn

%: no passive effects
@: no status effects
A: high MP 1, forlorn, divine attributes
a: no special abilities


You escaped.
You visited 1 branch of the dungeon, and saw 1 of its levels.

You collected 48 gold pieces.

Inventory:

Armour
 a - a +0 robe (worn)
Scrolls
 d - a scroll of fog {unknown}
 e - 2 scrolls of brand weapon {unknown}
 g - a scroll of immolation {unknown}
Potions
 b - a potion of magic
 c - a potion of haste {unknown}
 f - a potion of cancellation {unknown}


   Skills:
 - Level 1.7 Dodging
 - Level 1.7 Stealth
 + Level 2.3 Spellcasting
 + Level 4.0 Conjurations


You had 4 spell levels left.
You knew the following spells:

 Your Spells              Type           Power      Damage    Failure   Level
a - Magic Dart            Conj           72%        1d6       3%          1

Your spell library contained the following spells:

 Spells                   Type           Power      Damage    Failure   Level
 Searing Ray              Conj           36%        2d5       4%          2
 Summon Small Mammal      Summ           8%         N/A       16%         1
 Dazzling Flash           Conj/Hex       20%        N/A       21%         3
 Call Canine Familiar     Summ           2%         N/A       43%         3
 Summon Guardian Golem    Hex/Summ       2%         N/A       43%         3
 Fulminant Prism          Conj/Hex       5%         3d7       54%         4
 Iskenderun's Mystic Bla  Conj/Tloc      10%        2d4       54%         4


Dungeon Overview and Level Annotations

Branches:
Dungeon (1/15)


Innate Abilities, Weirdness & Mutations

You have an increased reservoir of magic. (+10% MP)
You shall have no god before yourself.
Your divine heritage dramatically boosts your attributes as you level up.


Message History

Done exploring.
Casting: Magic Dart (safe; 3% risk of failure)
Confirm with . or Enter, or press ? or * to list all spells.
You can't see any susceptible monsters within range! (Use Z to cast anyway.) MP restored: 7 Done exploring.
Casting: Magic Dart (safe; 3% risk of failure)
Confirm with . or Enter, or press ? or * to list all spells.
You can't see any susceptible monsters within range! (Use Z to cast anyway.) Unknown command.
Done exploring.
Casting: Magic Dart (safe; 3% risk of failure)
Confirm with . or Enter, or press ? or * to list all spells.
You can't see any susceptible monsters within range! (Use Z to cast anyway.) Done exploring.
Casting: Magic Dart (safe; 3% risk of failure)
Confirm with . or Enter, or press ? or * to list all spells.
You can't see any susceptible monsters within range! (Use Z to cast anyway.) Done exploring.
Casting: Magic Dart (safe; 3% risk of failure)
Confirm with . or Enter, or press ? or * to list all spells.
You can't see any susceptible monsters within range! (Use Z to cast anyway.) Done exploring.
Casting: Magic Dart (safe; 3% risk of failure)
Confirm with . or Enter, or press ? or * to list all spells.
You can't see any susceptible monsters within range! (Use Z to cast anyway.) Search for what [? for help]?
Okay, then.
Unknown command.
Okay, then.
Okay, then.
Done exploring.
Done exploring.
Done exploring.
Done exploring.
Search for what [? for help]?
D You see here 4 stones.
There is a staircase leading out of the dungeon here.
Are you sure you want to leave the Dungeon?
This will make you lose the game!
You have escaped!

#.#
#..########.............##.
..#
#....#...##.)#รท....########
###
#####.....#........#.......
##.##..#.##.#..........
#.##..#..#.#.##.##.#.. #####
##.##.##.#.#....##.### ^...#
#..#.##.#.#######.... ....#
##...##.#.# ##### ....#
##.@.#.#.# # ....#
##....#...# # .####
###.....##### ## .[###
#...##...# ##. #...##
#...####.# ##.. ###..# #...#
##.# #..# ##.# ##.####..#
#.## #.# ###.###...# ##.#
#.# #....##..## #..#


There were no monsters in sight!

Vanquished Creatures
  A ball python (D:1)
  An endoplasm (D:1)
  A giant cockroach (D:1)
  2 goblins (D:1)
  3 hobgoblins (D:1)
  2 jackals (D:1)
  2 frilled lizards (D:1)
  2 kobolds (D:1)
  4 rats (D:1)
18 creatures vanquished.

Notes
Turn   | Place    | Note
-------+----------+-------------------------------------------
     0 | D:1      | spardeous the Demigod Conjurer began the quest for the Orb.
     0 | D:1      | Reached XP level 1. HP: 14/14 MP: 5/5
   473 | D:1      | Reached XP level 2. HP: 20/20 MP: 0/7
   760 | D:1      | Reached skill level 4 in Conjurations
  1037 | D:$      | Got out of the dungeon alive.

Illustrated notes

Levels and vault maps discovered:
D:1:      dpeg_arrival_round_c, layout_basic, minmay_tromino_v4_b

Skill      XL: |  1  2 |
---------------+-------+-----
Spellcasting   | 2 |  2.3
Conjurations   | 4 |  4.0
Dodging        | |  1.7
Stealth        | |  1.7

Action                     || total
---------------------------++-------
   Cast: Magic Dart        ||    38
  Dodge: Dodged            ||     2
